Map: Ulrena

Players

capac

  • Race: Terran Terran
  • League: Gold

Iskander - Winner!

  • Race: Zerg Zerg
  • League: Gold

VOD

Have the link to the VOD?

Description

Time

  • Played on: April 30, 2016, 11:42 a.m.
  • Length: 17:39
Show
View Real Time Build Order
Export as new Build Order

capac Terran 

Build Orders: Reaper Expand, MMM Bio 

Get SALT Encoding   

  12  0:00  SCV  
  13  0:12  SCV  
  14  0:17  Supply Depot  
  14  0:25  SCV  
  15  0:39  SCV  
  15  0:42  Barracks  
  16  0:49  Refinery  
  16  0:51  SCV  
  17  1:03  SCV  
  18  1:15  SCV  
  19  1:28  Orbital Command  
  19  1:31  Reaper  
  20  1:47  Command Center  
  20  1:58  SCV  
  20  2:00  Supply Depot  
  21  2:03  Marine  
  22  2:10  SCV  
  22  2:26  Barracks  
  22  2:27  SCV  
  22  2:28  Barracks Reactor  
  23  2:36  Factory  
  23  2:46  Refinery  
  23  2:50  SCV  
  24  2:53  Barracks  
  24  2:58  Bunker  
  24  3:02  Orbital Command  
  24  3:05  Marine x2  
  24  3:12  SCV  
  27  3:20  Barracks Tech Lab  
  27  3:25  Factory Tech Lab  
  27  3:31  Starport, Marine x2  
  29  3:39  Marine  
  30  3:42  SCV x2  
  30  3:46  Widow Mine  
  34  3:52  Marine x2  
  34  3:54  SCV x2  
  38  3:56  Stimpack  
  37  4:15  Siege Tank  
  40  4:22  Marine  
  40  4:23  Marine  
  42  4:30  SCV x2  
  44  4:33  Medivac  
  44  4:35  Supply Depot  
  45  4:43  Marine  
  46  4:57  Marine x3  
  46  4:58  SCV  
  46  4:59  SCV  
  51  5:01  Marine  
  52  5:10  Supply Depot  
  52  5:11  SCV x2  
  54  5:16  Barracks Reactor  
  54  5:19  Supply Depot  
  54  5:21  Starport Reactor  
  54  5:23  Marine, Siege Tank  
  54  5:28  Refinery  
  58  5:32  Bunker  
  58  5:34  SCV  
  59  5:38  Supply Depot  
  59  5:44  Marine x3  
  59  5:49  SCV x2  
  64  5:56  Siege Tank  
  67  6:03  Medivac  
  69  6:05  Medivac  
  69  6:08  Supply Depot  
  69  6:10  SCV  
  69  6:11  SCV  
  73  6:12  Marine  
  73  6:13  Marine  
  75  6:24  Marine x3  
  78  6:30  Supply Depot  
  78  6:31  SCV x2  
  80  6:34  Liberator  
  80  6:37  Marine  
  80  6:38  Marine  
  82  6:42  Marine  
  83  6:47  Marine x2  
  83  6:48  Combat Shields  
  83  6:51  Supply Depot  
  88  7:04  SCV x2  
  88  7:06  Refinery  
  90  7:08  Supply Depot  
  90  7:13  Marine x4  
  90  7:14  Marine  
  95  7:16  Liberator  
  95  7:17  Supply Depot  
  95  7:30  Siege Tank  
  95  7:31  Marine x4  
  95  8:01  Marine x2  
  95  8:02  Marine x3  
  96  8:32  Liberator x2  
  92  8:47  Marine x5  
  83  8:49  Siege Tank  
  83  8:51  Supply Depot  
  83  8:55  Command Center  
  90  8:58  Starport  
  90  9:00  Barracks x2  
  90  9:02  Barracks  
  85  9:05  Marine  
  85  9:07  SCV x2  
  88  9:13  Marine  
  88  9:14  Marine x3  
  92  9:24  Supply Depot  
  92  9:32  Medivac x2  
  96  9:45  Starport Reactor  
  96  9:48  Engineering Bay  
  96  9:50  Marine x4  
  96  9:51  Supply Depot  
  96  9:52  Barracks Reactor x2  
  100  9:53  Barracks Tech Lab  
  100  9:55  Marauder  
  100  9:56  Concussive Shells  
  100  9:59  SCV  
  103  10:05  Medivac  
  105  10:07  Medivac  
  107  10:14  Marine x4  
  107  10:17  Engineering Bay  
  111  10:31  Marine x3  
  111  10:32  Marine  
  111  10:34  Marauder x2  
  119  10:41  Marine x3  
  119  10:42  Marine  
  123  10:44  Terran Infantry Armor Level 1  
  123  10:47  Terran Infantry Weapons Level 1  
  123  10:53  Armory  
  123  10:56  Marauder  
  125  10:58  Supply Depot  
  125  11:06  Medivac x2  
  99  11:56  Marine x6  
  99  11:57  Marine x4  
  109  12:13  Marine  
  109  12:14  Marine x5, Planetary Fortress  
  115  12:19  Marine x4  
  119  12:24  Liberator x2  
  119  12:31  Marine x2  
  119  12:32  Marine  
  122  12:37  Marine x4  
  122  12:38  Marine  
  122  12:39  Marauder  
  122  12:40  Marauder  
  122  12:42  Siege Tank  
  140  12:57  SCV  
  141  13:08  Medivac x2  
  141  13:09  SCV  
  146  13:19  Marine x2  
  147  13:20  Marine x5  
  147  13:21  Marauder  
  155  13:28  Marine  
  155  13:30  Marauder  
  157  13:42  Marauder  
  157  13:46  Marine x5  
  157  13:47  Marine x2  
  166  13:50  Medivac  
  166  13:51  Medivac  
  166  13:52  Marauder  
  172  14:09  Command Center  
  153  14:48  Marine x6  
  153  14:49  Marine x3  
  162  14:58  Marine  
  163  15:06  Marine x3  
  129  15:29  Liberator x4  
  115  15:47  Marine  
  115  15:48  Marine x7  
  115  15:49  Marine x2  
  137  16:03  SCV  
  137  16:04  SCV  
  139  16:05  Marine x2  
  139  16:06  Marine x3  
  144  16:15  SCV  
  145  16:24  Refinery  
  141  16:25  Refinery  
  141  16:31  Medivac x4  
  77  16:55  Marine  
  77  16:56  Marine x7  
  77  16:57  Marine  
  77  17:01  Medivac  
Show
View Real Time Build Order
Export as new Build Order

Iskander Zerg - Winner!

Build Orders: Pool First, Ravager All-In 

Get SALT Encoding   

  12  0:01  Drone  
  13  0:08  Drone  
  14  0:26  Spawning Pool  
  13  0:29  Extractor  
  12  0:38  Overlord  
  12  0:43  Drone  
  12  0:48  Drone  
  14  1:00  Drone x2  
  16  1:13  Queen  
  16  1:17  Drone  
  19  1:27  Drone  
  20  1:37  Drone  
  21  1:45  Drone  
  22  1:58  Hatchery  
  21  2:22  Zergling x2, Roach Warren  
  21  2:23  Drone  
  21  2:28  Extractor  
  21  2:32  Overlord  
  21  2:34  Drone  
  22  2:45  Overlord  
  22  3:03  Roach  
  22  3:04  Roach x4  
  31  3:11  Drone  
  32  3:16  Drone  
  33  3:26  Drone x2  
  36  3:27  Drone  
  36  3:38  Roach  
  36  3:40  Ravager x2  
  40  3:42  Roach  
  40  3:44  Drone  
  43  3:54  Overlord  
  43  4:04  Overlord  
  43  4:10  Evolution Chamber  
  42  4:23  Ravager x4  
  42  4:24  Ravager  
  47  4:26  Drone x3  
  47  4:27  Drone x3  
  50  4:42  Roach x3  
  53  4:48  Queen  
  53  4:51  Extractor  
  54  4:54  Zerg Missile Weapons Level 1  
  54  5:01  Drone  
  54  5:02  Drone x2  
  57  5:10  Zergling x2, Extractor  
  57  5:12  Metabolic Boost  
  57  5:17  Drone x3  
  60  5:24  Overlord  
  60  5:25  Overlord  
  60  5:32  Lair  
  60  5:38  Overlord  
  60  5:45  Overlord  
  60  5:46  Overlord  
  60  5:55  Spore Crawler  
  59  5:58  Spore Crawler  
  59  5:59  Drone x3  
  59  6:00  Drone  
  62  6:11  Zergling x2  
  62  6:43  Roach x2  
  62  6:44  Roach x4  
  74  6:53  Roach  
  76  7:12  Roach x3  
  82  7:16  Zergling x4  
  84  7:29  Roach x2  
  88  7:32  Ravager x4  
  92  7:43  Roach x4  
  93  7:56  Roach x2  
  97  8:00  Zerg Ground Armor Level 1  
  97  8:03  Ravager x2  
  99  8:05  Overlord  
  99  8:06  Overlord  
  87  8:34  Drone x7  
  78  8:35  Drone x2  
  81  8:46  Roach x2  
  74  9:04  Queen  
  74  9:06  Queen  
  74  9:08  Drone x2  
  74  9:09  Drone x2  
  82  9:20  Hatchery  
  82  9:22  Spore Crawler  
  80  9:27  Spore Crawler  
  80  9:29  Drone x4, Spore Crawler  
  82  9:36  Roach x2  
  86  9:42  Zergling x2  
  87  9:53  Zergling x2  
  87  9:54  Drone x2  
  90  10:00  Glial Reconstitution  
  90  10:15  Roach x2  
  93  10:33  Hatchery  
  92  10:35  Spine Crawler  
  92  10:40  Spine Crawler, Roach x5  
  92  10:41  Roach x3  
  106  10:44  Ravager x3  
  106  10:45  Ravager x3  
  112  10:51  Overlord x3  
  112  11:02  Overseer  
  112  11:09  Queen  
  114  11:14  Roach x4  
  114  11:15  Roach x4  
  124  11:39  Pneumatized Carapace  
  124  11:42  Drone x3  
  124  11:43  Drone x3  
  116  12:01  Roach x2  
  116  12:02  Roach x5  
  130  12:11  Extractor  
  130  12:14  Zerg Missile Weapons Level 2  
  129  12:15  Spire  
  129  12:19  Zergling x4  
  129  12:20  Drone x3  
  129  12:21  Drone x3  
  136  12:27  Overlord x3  
  136  12:35  Overseer  
  136  12:49  Extractor  
  135  12:54  Zergling x4  
  136  13:28  Corruptor x4  
  136  13:29  Corruptor x3  
  136  13:34  Zerg Flyer Weapons Level 1  
  150  13:37  Zergling x4  
  150  13:38  Zergling x14  
  156  13:45  Roach  
  158  14:10  Evolution Chamber  
  157  14:27  Corruptor  
  157  14:31  Zerg Melee Weapons Level 1  
  134  14:48  Roach x2  
  134  14:49  Roach x6  
  120  15:28  Roach x6  
  101  15:37  Roach  
  101  15:38  Roach x4  
  110  15:44  Mutalisk  
  110  15:45  Roach x3  
  110  15:46  Roach x2  
  122  15:58  Roach x4  
  130  16:05  Ravager x3  
  130  16:06  Ravager x6  
  139  16:32  Roach x8  
  144  16:42  Roach x4  
  152  16:54  Roach x5  
  148  16:55  Roach  
  148  17:00  Roach  
  146  17:13  Roach x2  
  146  17:14  Roach x4  
Tags
 
Add a new tag
Caveats
  • Supply blocks, unpowered buildings, or Contaminate may cause inaccurate times.
  • Supply counts are checked every 10 seconds.